 Dungeon Crawl Stone Soup version 0.31-a0-854-g362426d53f (webtiles) character file.

Game seed: 587763770379999073

16 CowFu the Covert (level 2, -1/29 HPs)
             Began as a Gnoll Delver on Oct 8, 2023.
             Slain by a river rat (6 damage)
             ... on level 5 of the Dungeon.
             The game lasted 00:00:48 (180 turns).

CowFu the Covert (Gnoll Delver)                      Turns: 180, Time: 00:00:49

Health: -1/29      AC:  3    Str: 11    XL:     2   Next: 54%
Magic:  2/2        EV: 13    Int:  9    God:
Gold:   8          SH:  0    Dex: 13    Spells: 1/1 levels left

rFire   . . .        a - +0 spear
rCold   . . .        (no shield)
rNeg    . . .        b - +0 leather armour
rPois   .            (no helmet)
rElec   .            (no cloak)
rCorr   .            (no gloves)
SInv    .            (no boots)
Will    .....        (no amulet)
Stlth   ++++         (no ring)
HPRegen 0.24/turn    (no ring)
MPRegen 0.08/turn

%: no passive effects
@: no status effects
A: fangs 1, strong nose, distributed training
a: no special abilities


You were on level 5 of the Dungeon.
You visited 1 branch of the dungeon, and saw 1 of its levels.

You collected 8 gold pieces.

Inventory:

Hand Weapons
 a - a +0 spear (weapon)
Armour
 b - a +0 leather armour (worn)
Wands
 g - a wand of digging (3)
Scrolls
 c - a scroll of fog
 d - a scroll of revelation
 e - a scroll of fear
Potions
 f - a potion of haste


   Skills:
 + Level 6.5 Fighting
 + Level 0.4 Short Blades
 + Level 0.4 Long Blades
 + Level 0.4 Axes
 + Level 0.4 Maces & Flails
 + Level 4.5 Polearms
 + Level 0.4 Staves
 + Level 0.4 Ranged Weapons
 + Level 0.4 Throwing
 + Level 0.4 Armour
 + Level 4.5 Dodging
 + Level 9.5 Stealth
 + Level 0.4 Shields
 + Level 0.4 Unarmed Combat
 + Level 0.4 Spellcasting
 + Level 0.2 Conjurations
 + Level 0.2 Hexes
 + Level 0.2 Summonings
 + Level 0.2 Necromancy
 + Level 0.2 Translocations
 + Level 0.2 Transmutations
 + Level 0.2 Fire Magic
 + Level 0.2 Ice Magic
 + Level 0.2 Air Magic
 + Level 0.2 Earth Magic
 + Level 0.2 Poison Magic
 + Level 0.5 Invocations
 + Level 0.4 Evocations
 + Level 0.3 Shapeshifting


You had one spell level left.
You didn't know any spells.
Your spell library was empty.

Dungeon Overview and Level Annotations

Branches:
Dungeon (5/15)
 Temple: D:4-7

Altars:


Innate Abilities, Weirdness & Mutations

You have very sharp teeth.
Your uncanny sense of smell can sniff out nearby items.
Your experience applies equally to all skills.


Message History

You hit the gnoll. You punch the gnoll.
You kill the gnoll!
You have reached level 2!
There is an open door here.
You hear the slow rusting of a drain very nearby.
As you open the door, it creaks loudly!
There is an open door here.
The gnoll attacks as it pursues you! The gnoll hits you with a +0 whip.
The gnoll attacks as it pursues you! The gnoll closely misses you.
The gnoll hits you with a +0 whip. The gnoll misses you.
The gnoll attacks as it pursues you! The gnoll hits you with a +0 whip.
The gnoll attacks as it pursues you! The gnoll hits you with a +0 club.
The black bear bites you.
* * * LOW HITPOINT WARNING * * *
The black bear claws you but does no damage.
The black bear claws you.
* * * LOW HITPOINT WARNING * * *
A hound comes into view.
Found 7 gold pieces.
An iguana comes into view.
The gnoll attacks as it pursues you! The gnoll misses you.
Found 23 gold pieces.
The gnoll attacks as it pursues you! The gnoll hits you with a +0 club.
* * * LOW HITPOINT WARNING * * *
The gnoll attacks as it pursues you! The gnoll closely misses you.
An ufetubus comes into view.
Found 3 gold pieces.
The ufetubus shouts!
You hear a shout! x2; You hear a bark! x2
The gnoll attacks as it pursues you! The gnoll hits you with a +0 club.
* * * LOW HITPOINT WARNING * * *
A killer bee comes into view.
An ogre comes into view. It is wielding a +0 giant spiked club.
A river rat and a worm come into view.
The helpless river rat fails to defend itself.
You hit the river rat but do no damage. The river rat barely misses you.
You barely miss the river rat.
You bite the river rat, but do no damage.
The river rat bites you.
You die...

#..#.#... ∆ #O#...#y..
##.......... #
#....#...#l.. ..
#.###.O..#$#...#$#
##.### $...#.#...#...#.
......####h##...........
.........gg.h...........
#....#@#######.........
### #r# ##.#####.
~~~#######.#
#~w~#....##.#
##~##....##h#######
#~#.....##........
#~#...........###.
#~##............+
#..........###


You could see a black bear, an ogre, a worm (asleep), a hound, 2 gnolls and a
river rat.

Vanquished Creatures
  A gnoll (D:5)
  2 dart slugs (D:5)
3 creatures vanquished.

Notes
Turn   | Place    | Note
-------+----------+-------------------------------------------
     0 | D:5      | Reached skill level 9 in Stealth
     0 | D:5      | CowFu the Gnoll Delver began the quest for the Orb.
     0 | D:5      | Reached XP level 1. HP: 23/23 MP: 1/1
   127 | D:5      | Noticed a black bear
   135 | D:5      | Reached XP level 2. HP: 22/29 MP: 2/2
   173 | D:5      | Noticed a killer bee
   175 | D:5      | Noticed an ogre
   180 | D:5      | Slain by a river rat

Illustrated notes

Levels and vault maps discovered:
D:5:      cheibrodos_fzero, layout_basic, kennysheep_little_box,
          gup_sewer_entry_bubbles, feat_on_display

Skill      XL: | |
---------------+-+-----
Stealth        | |  9.5
Fighting       | |  6.5
Short Blades   | |  0.4
Long Blades    | |  0.4
Axes           | |  0.4
Maces & Flails | |  0.4
Polearms       | |  4.5
Staves         | |  0.4
Ranged Weapons | |  0.4
Throwing       | |  0.4
Armour         | |  0.4
Dodging        | |  4.5
Shields        | |  0.4
Unarmed Combat | |  0.4
Spellcasting   | |  0.4
Conjurations   | |  0.2
Hexes          | |  0.2
Summonings     | |  0.2
Necromancy     | |  0.2
Translocations | |  0.2
Transmutations | |  0.2
Fire Magic     | |  0.2
Ice Magic      | |  0.2
Air Magic      | |  0.2
Earth Magic    | |  0.2
Poison Magic   | |  0.2
Invocations    | |  0.5
Evocations     | |  0.4
Shapeshifting  | |  0.3

Action                     || total
---------------------------++-------
  Melee: Spear             ||    14
         Bite              ||     2
         Punch             ||     1
   Stab: Sleeping          ||     3
 Armour: Leather armour    ||    12
  Dodge: Dodged            ||     9

Table legend: (Time is in decaauts)
 A = Elapsed time spent in this place.
 B = Non-inter-level travel time spent in this place.
 C = Inter-level travel time spent in this place.
 D = Time resting spent in this place.
 E = Time spent auto-exploring this place.
 F = Levels seen in this place.
 G = Mean time per level.
                   A        B        C        D        E       F      G
               +--------+--------+--------+--------+--------+-----+--------+
         Total |    178 |    178 |      0 |      0 |      0 |   1 |  178.0 |
       Dungeon |    178 |    178 |      0 |      0 |      0 |   1 |  178.0 |
               +--------+--------+--------+--------+--------+-----+--------+

Top non-repeatable levels by time:
     D:5: 178 daAuts
